[Event "Championnat d'Europe Rapide"]
[Date "2024.12.07"]
[White "Todorovic, Goran N"]
[Black "Motylev, Alexander"]
[WhiteElo "2256"]
[BlackElo "2596"]
[Round "2.7"]
[Result "0-1"]
[TimeControl "900+10"]

1. Nf3 Nf6 2. c4 c6 3.
g3 d5 4. Bg2 e6 5. b3 Bd6 6. Bb2 Nbd7 7. Nc3 O-O 8. O-O dxc4 9. bxc4 e5 10. d3 Re8 11. Qc2 Nc5 12. Nd2 Bf5 13. Ba3 e4 14. dxe4 Ncxe4 15. Ndxe4 Nxe4 16. Bxe4 Bxe4 17.
Nxe4 Bxa3 18. Rfd1 Qe7 19. Nc3 Bc5 20. e3 h5 21. Na4 Bd6 22. Rab1 h4 23. Qf5 Rad8 24. Nc3 hxg3 25. hxg3 Bxg3 26. Rxd8 Rxd8 27. Ne4 Be5 28. Kg2 Re8 29. Rd1 g6 30. Qg4 Bg7 31. Ng5 Rd8 32. Rxd8+ Qxd8 33. Qf4 Qe8 34. Qc7 Bf6 35. Nf3 Qe4 36. Kg3 Be7 37. Nd4 Bh4+ 38. Kh3 Bxf2 0-1

[Site "Europe Echecs"]

[Event "Championnat d'Europe Rapide"]
[Date "2024.12.07"]
[White "Jobava, Baadur"]
[Black "Maier, Christian"]
[WhiteElo "2578"]
[BlackElo "2235"]
[Round "2.8"]
[Result "1-0"]
[TimeControl "900+10"]

1. d4 Nf6 2.
Nc3 d5 3.
Bf4 a6 4. e3 Bf5 5. f3 h5 6. Bd3 Bxd3 7. cxd3 e6 8. Qb3 b6 9. Nge2 c5 10. Rc1 Nbd7 11. O-O Be7 12. dxc5 e5 13. Bg5 Nxc5 14. Qd1 Ne6 15. Bxf6 Bxf6 16. Qb3 d4 17. Nd5 dxe3 18. Nxb6 O-O 19. Nxa8 Qxa8 20. Rc4 Rd8 21. Rfc1 g6 22. Qb6 Kg7 23. Qxe3 Qd5 24. Nc3 Qa5 25. Ra4 Qc5 26. Qxc5 Nxc5 27. Ra5 Nxd3 28. Rd1 e4 29. Rd5 Rxd5 30.
Nxd5 Nxb2 31. Rb1 Bd4+ 32. Kf1 f5 33. Ke2 a5 34. fxe4 fxe4 35. Rc1 a4 36. Rc7+ Kh6 37. Re7 1-0

[Site "Europe Echecs"]

[Event "Championnat d'Europe Rapide"]
[Date "2024.12.07"]
[White "Vyval, Volodymyr"]
[Black "Ragger, Markus"]
[WhiteElo "2269"]
[BlackElo "2577"]
[Round "2.9"]
[Result "1/2-1/2"]
[TimeControl "900+10"]

1. e4 e5 2.
Nf3 Nc6 3. d4 exd4 4. Nxd4 Nf6 5. Nxc6 bxc6 6. Bd3 d5 7. O-O dxe4 8. Qe1 Be7 9. Bxe4 Nxe4 10. Qxe4 Qd5 11. Nc3 Qxe4 12. Nxe4 Bf5 13. Re1 O-O-O 14. Bg5 Bxg5 15. Nxg5 Rd2 16. Nxf7 Rf8 17. Ne5 Rxc2 18. Rac1 Rxb2 19. Nxc6 Bd7 20. f3 Re8 21. Ne5 Rxa2 22. Rc5 Re7 23. Rec1 Be8 24. h3 h6 25. Nd3 Rd2 26. Nb4 Kd8 27. Nd5 Re5 28. Nxc7 Rxc5 29. Ne6+ Ke7 30. Nxc5 Rd5 31. Re1+ Kf7 32. Ne6 Bd7 33. Nf4 Rd4 34. Ne2 Rd2 35. Nc3 a5 36. Ra1 Rc2 37. Ra3 Bc6 38. Ne4 Bxe4 39. fxe4 Rc5 40. Kf2 Ke6 41. Ke3 Ke5 42. h4 Rb5 43. g3 g5 44. hxg5 hxg5 45.
Kf3 Kd6 46.
Kg4 Re5 47.
Kh5 Ke6 48.
g4 Kf6 49.
Rf3+ Kg7 50.
Rb3 a4 51.
Rb7+ Kf6 52.
Ra7 Rxe4 53.
Ra6+ Kg7 54.
Kxg5 1/2-1/2

[Site "Europe Echecs"]

[Event "Championnat d'Europe Rapide"]
[Date "2024.12.07"]
[White "Safarli, Eltaj"]
[Black "Guid, Matej"]
[WhiteElo "2610"]
[BlackElo "2266"]
[Round "2.10"]
[Result "1-0"]
[TimeControl "900+10"]

1. e4 e6 2.
d4 d5 3. Nd2 dxe4 4. Nxe4 Nd7 5. g3 b6 6. Bg2 Rb8 7. Nf3 Bb7 8. Qe2 Ngf6 9. Nxf6+ Nxf6 10. O-O Bd6 11. Rd1 O-O 12. Ne5 Bxg2 13. Kxg2 Bxe5 14.
dxe5 Nd7 15.
h4 Qc8 16.
Rd4 Qb7+ 17.
Kg1 Nc5 18.
Bg5 h6 19.
Be3 Rfd8 20.
Rad1 Rd5 21.
Qg4 Kf8 22.
c4 Rxe5 23.
b4 Re4 24.
Rd8+ Rxd8 25. Rxd8+ Ke7 26. Qd1 Rxe3 27. fxe3 Ne4 28. Qd7+ Kf6 29.
Qd4+ e5 30.
Qd5 Qxd5 31.
cxd5 Ke7 32.
Ra8 Nxg3 33.
Rxa7 Kd6 34. a4 Nf5 35. Kf2 Nxh4 36. a5 bxa5 37. bxa5 Nf5 38. a6 Ne7 39. Ra8 Nxd5 40. Rd8+ 1-0

[Site "Europe Echecs"]

[Event "Championnat d'Europe Rapide"]
[Date "2024.12.07"]
[White "Kukk, Sander"]
[Black "Korobov, Anton"]
[WhiteElo "2234"]
[BlackElo "2629"]
[Round "2.11"]
[Result "0-1"]
[TimeControl "900+10"]

1. b3 d5 2.
e3 Nf6 3. Bb2 Bf5 4. Nf3 e6 5. d4 Nbd7 6. Bd3 Ne4 7. O-O Bd6 8. Ne5 O-O 9. f3 Nef6 10. Nd2 c5 11. Qe2 Rc8 12. Nxd7 Nxd7 13. e4 Bg6 14. c4 cxd4 15. exd5 exd5 16.
Bxg6 hxg6 17. Bxd4 Re8 18. Qf2 Nc5 19. Rfe1 Ne6 20. Kh1 Qg5 21. cxd5 Qf4 0-1

[Site "Europe Echecs"]

[Event "Championnat d'Europe Rapide"]
[Date "2024.12.07"]
[White "Pultinevicius, Paulius"]
[Black "Kukov, Velislav"]
[WhiteElo "2579"]
[BlackElo "2316"]
[Round "2.12"]
[Result "1-0"]
[TimeControl "900+10"]

1. d4 Nf6 2. c4 Nc6 3. Nf3 e6 4. Nc3 Bb4 5. Bd2 O-O 6. e3 d6 7. Qc2 e5 8. d5 Ne7 9. Bd3 a5 10. a3 Bxc3 11. Bxc3 a4 12. O-O-O b5 13. cxb5 Nexd5 14. Bxh7+ Nxh7 15. Rxd5 Be6 16. Rd2 Qb8 17. h4 Qxb5 18. Ng5 Nxg5 19.
hxg5 f5 20.
f4 Kf7 21.
fxe5 dxe5 22. g4 Rh8 23. Rhd1 g6 24. gxf5 gxf5 25. Rd5 Qc6 26. Rxe5 Rh1 27. g6+ Kg8 28. e4 Rxd1+ 29. Qxd1 Bb3 30. Qh5 1-0

[Site "Europe Echecs"]

[Event "Championnat d'Europe Rapide"]
[Date "2024.12.07"]
[White "Dinev, Dejan"]
[Black "Sargissian, Gabriel"]
[WhiteElo "2209"]
[BlackElo "2628"]
[Round "2.13"]
[Result "0-1"]
[TimeControl "900+10"]

1. d4 Nf6 2.
Nf3 e6 3. g3 b5 4. a4 b4 5. c4 Bb7 6. Bg2 a5 7. b3 d6 8. O-O Nbd7 9. Nbd2 Be7 10. Re1 O-O 11. e4 e5 12. Bb2 Re8 13. Rc1 exd4 14.
Nxd4 Bf8 15.
Qc2 g6 16.
Rcd1 Nc5 17.
f3 Bg7 18.
Nf1 Nfd7 19.
Ne3 Ne5 20.
Nd5 c6 21.
Ne3 Qb6 22.
Kh1 Rad8 23.
f4 Ned3 24.
Rxd3 Nxd3 25. Qxd3 c5 26. Nec2 cxd4 27. Bxd4 Bxd4 28. Nxd4 d5 29. c5 Qxc5 30. e5 Qc3 31. Qd1 Ba6 32. Bf1 Bxf1 33. Rxf1 Rc8 34. Nb5 Qb2 35. Nd6 Rc2 36. Qxd5 Rxh2+ 37. Kg1 Rf8 38. Nc4 Qe2 39. Nxa5 Rh3 40. Qg2 Qe3+ 41. Qf2 Rxg3+ 42. Kh2 Rh3+ 43. Kg2 Qxf2+ 44. Rxf2 Rc3 45. f5 Re8 46. e6 fxe6 47. f6 Rec8 48. f7+ Kf8 49. Rf4 R8c5 50. Nb7 Rg5+ 51. Kh2 Rxb3 52. a5 Rf5 53. Rd4 Kxf7 54. a6 Ra3 55. Nd6+ Kf6 56. Rxb4 Rxa6 57. Ne8+ Kg5 58. Ng7 e5 59. Rb2 Rf7 60. Rg2+ Kh4 61. Ne8 Re6 0-1

[Site "Europe Echecs"]

[Event "Championnat d'Europe Rapide"]
[Date "2024.12.07"]
[White "Mamedov, Rauf"]
[Black "Ribeiro, Gustavo"]
[WhiteElo "2656"]
[BlackElo "2241"]
[Round "2.14"]
[Result "1-0"]
[TimeControl "900+10"]

1. e4 e5 2. Nf3 Nc6 3. Bb5 a6 4. Ba4 Nf6 5. Nc3 b5 6.
Bb3 Bc5 7. Nd5 O-O 8. O-O Nxe4 9. c3 Nf6 10. d4 Nxd5 11. Bxd5 exd4 12. Ng5 Qf6 13. Be4 g6 14. Nxh7 Kxh7 15. Qh5+ Kg8 16. Qxc5 Re8 17. Bxc6 Qxc6 18. Qxd4 Bb7 19. f3 Qb6 20. Qxb6 cxb6 21. Kf2 b4 22. Bd2 Rac8 23. Rac1 Bd5 24. cxb4 Bxa2 25. Bc3 Re6 26. Rfd1 d5 27. Bd4 Rc4 28. Ra1 Rc2+ 29. Kg3 Bc4 30. Rac1 Rxc1 31. Rxc1 f6 32. Rc3 Kf7 33. h4 Rc6 34. Kf4 a5 35. bxa5 bxa5 36. g4 a4 37. g5 fxg5+ 38. hxg5 Bb5 39. Re3 Re6 40. Ra3 Re1 41. Bf6 Ke8 42. b3 axb3 43.
Rxb3 Bc4 44. Rb7 Bd3 45. Rb6 Bf5 46. Rd6 Be6 47. Rd8+ Kf7 48. Rh8 Bf5 49. Bd4 Ke7 50. Rb8 Kd7 51. Rb6 Re6 52. Rb5 Kc6 53. Rc5+ Kd6 54. Ra5 Kc6 55. Rc5+ Kd6 56. Rc1 Re8 57. Rc3 Rc8 58. Ra3 Kc6 59. Ra5 Re8 60. Rc5+ Kd6 61. Rb5 Re1 62. Rb6+ Kc7 63. Rf6 Bc2 64. Be5+ Kb7 65. Rd6 Rd1 66. Rd8 Bf5 67. Rd6 Bc2 68. Rf6 Rf1 69. Ke3 Re1+ 70. Kd4 Rd1+ 71. Kc5 Bb1 72. Rb6+ Kc8 73. Kd6 Rh1 74. Ke7 Rh7+ 75. Ke8 1-0

[Site "Europe Echecs"]

[Event "Championnat d'Europe Rapide"]
[Date "2024.12.07"]
[White "Fressinet, Laurent"]
[Black "Tudor, Henry Edward"]
[WhiteElo "2588"]
[BlackElo "2375"]
[Round "2.15"]
[Result "1-0"]
[TimeControl "900+10"]

1. d4 Nf6 2.
Nf3 d5 3. g3 e6 4. Bg2 Be7 5. c4 O-O 6. Qc2 c5 7. dxc5 d4 8. b4 a5 9. b5 Bxc5 10. Nbd2 Nbd7 11. Nb3 Bb4+ 12. Bd2 e5 13. a4 Qe7 14. O-O Nc5 15. Bxb4 axb4 16. a5 Nfe4 17. Nxc5 Nxc5 18. Nd2 Bg4 19. f3 Be6 20. Qb2 b3 21. Qa3 Rfc8 22.
Nxb3 Bxc4 23. Nxc5 Rxc5 24. Rfc1 Qc7 25. Qb4 Rc8 26. a6 bxa6 27. bxa6 Rb8 28. Qa4 Qa7 29. Rxc4 d3 30. Kh1 dxe2 31. Re4 Qc7 32. Rxe2 h5 33. f4 1-0

[Site "Europe Echecs"]

[Event "Championnat d'Europe Rapide"]
[Date "2024.12.07"]
[White "Sadiku, Bedri"]
[Black "Lagarde, Maxime"]
[WhiteElo "2159"]
[BlackElo "2600"]
[Round "2.16"]
[Result "0-1"]
[TimeControl "900+10"]

1. d4 f5 2.
c4 Nf6 3.
Nc3 d6 4.
Nf3 g6 5.
Qc2 Bg7 6.
e4 Nxe4 7.
Nxe4 fxe4 8.
Qxe4 Nc6 9.
Bd2 O-O 10.
Bc3 Bf5 11.
Qe3 e5 12.
dxe5 dxe5 13. Rd1 Nd4 14. Bd3 Bxd3 15. Qxd3 e4 16. Qd2 exf3 17. Bxd4 fxg2 0-1

[Site "Europe Echecs"]

[Event "Championnat d'Europe Rapide"]
[Date "2024.12.07"]
[White "Pichot, Alan"]
[Black "Podlesnik, Bogdan"]
[WhiteElo "2637"]
[BlackElo "2288"]
[Round "2.17"]
[Result "1-0"]
[TimeControl "900+10"]

1. e4 c5 2.
Nf3 Nc6 3.
d4 cxd4 4.
Nxd4 Nf6 5.
Nc3 e6 6.
Nxc6 bxc6 7.
e5 Nd5 8.
Ne4 Qa5+ 9.
c3 Qc7 10.
f4 Qb6 11.
c4 Bb4+ 12.
Ke2 Ba6 13.
Kf3 f5 14.
exf6 Nxf6 15. c5 Qa5 16. Nxf6+ gxf6 17. Bxa6 Qxa6 18. Be3 Qc4 19. a3 Ba5 20. b4 Bc7 21. Rc1 Qd5+ 22. Kf2 Qxd1 23. Rhxd1 f5 24. Rd3 h5 25. Rcd1 Rh7 26. a4 a6 27. Kf3 O-O-O 28. Ra3 Kb7 29. b5 axb5 30. axb5 cxb5 31. c6+ Kb8 32. Rda1 Kc8 33. Ra8+ Bb8 34. R1a7 1-0

[Site "Europe Echecs"]

[Event "Championnat d'Europe Rapide"]
[Date "2024.12.07"]
[White "Aymerich Verdaguer, Eduard"]
[Black "Georgiev, Kiril"]
[WhiteElo "2163"]
[BlackElo "2537"]
[Round "2.18"]
[Result "0-1"]
[TimeControl "900+10"]

1. d4 Nf6 2. Nf3 d5 3. c4 dxc4 4. Nc3 c6 5. a4 Bf5 6. e3 e6 7. a5 Bb4 8. Qa4 Qe7 9. Bxc4 O-O 10. O-O Nbd7 11. Nh4 Bg4 12. f3 Bh5 13. Bd2 b5 14. axb6 Nxb6 15. Qa2 c5 16. Ba6 Rad8 17. g3 cxd4 18. exd4 Rxd4 19. Be3 Rd7 20. Kh1 Bc5 21. Bxc5 Qxc5 22. Qa5 Qe7 23. Bb5 Rc7 24. Ng2 Nfd5 25.
Nxd5 Nxd5 26. Bd3 Bg6 27. Bxg6 hxg6 28. Rf2 Rfc8 29. h3 Qf6 30. Rd1 Rc2 31. Qxa7 Rxb2 32. Rxb2 Qxb2 33. Qd4 Qe2 34. Qd3 Qf2 35. f4 Rc3 36. Rd2 Rc1+ 37. Rd1 Rxd1+ 38. Qxd1 Qxg2+ 0-1

[Site "Europe Echecs"]

[Event "Championnat d'Europe Rapide"]
[Date "2024.12.07"]
[White "Djukic, Nikola"]
[Black "Dragicevic, Drazen"]
[WhiteElo "2493"]
[BlackElo "2332"]
[Round "2.19"]
[Result "1-0"]
[TimeControl "900+10"]

1. e4 c5 2.
Nf3 d6 3. d4 cxd4 4. Nxd4 Nf6 5. Nc3 Bd7 6. h3 e5 7. Nf3 Be7 8. Bg5 Bc6 9. Bxf6 Bxf6 10. Bc4 O-O 11. O-O Qd7 12. Qd3 Na6 13. Bxa6 bxa6 14. Qxa6 Rab8 15. Rab1 Rb4 16. a3 Rxe4 17.
Nxe4 Bxe4 18. Qe2 Qf5 19. Ne1 h5 20. Rd1 Rd8 21. c4 Bb7 22. Nd3 d5 23. Nc5 Ba8 24. cxd5 Bxd5 25. f3 g6 26. Ne4 Be7 27. Rd2 Bc6 28. Qc4 Rxd2 29. Nxd2 Qd7 30. Rc1 Qxd2 31. Qxc6 Qxb2 32. Qe8+ Bf8 33. Rc8 Qxa3 34. Qxe5 Qa6 35. Qc5 Qa1+ 36. Kh2 Qg7 37. Qxa7 Qe5+ 38. Kh1 Qe1+ 39. Qg1 Qe6 40. Qc5 Qe1+ 41. Kh2 1-0

[Site "Europe Echecs"]

[Event "Championnat d'Europe Rapide"]
[Date "2024.12.07"]
[White "Avramidou, Anastasia"]
[Black "Kuzubov, Yuriy"]
[WhiteElo "2298"]
[BlackElo "2595"]
[Round "2.20"]
[Result "1-0"]
[TimeControl "900+10"]

1. d4 Nf6 2.
c4 e6 3. Nf3 a6 4. Nc3 d5 5. cxd5 exd5 6. Qc2 Be6 7. Bg5 Nbd7 8. e3 c6 9. Bd3 Bd6 10. O-O h6 11. Bh4 O-O 12. Rab1 a5 13. a3 Qb8 14. Rfe1 Ng4 15. Bg3 Bxg3 16. hxg3 Ndf6 17. e4 dxe4 18.
Nxe4 Nxe4 19. Bxe4 Qd6 20. Rbd1 Nf6 21. Bf5 Rfe8 22. Bxe6 Rxe6 23. Rxe6 Qxe6 24. Re1 Qd6 25. Qb3 Qc7 26. Re5 Rd8 27. Qe3 Kf8 28. Qe1 Nd5 29. Qb1 g6 30. Qc1 Kg7 31. Qe1 Qb6 32. Qe2 Qb3 33. Kh2 a4 34. Kg1 Qb5 35. Qd2 Qc4 36. Kh2 Rd6 37. Kg1 b5 38. Re1 Nf6 39. Re7 Rd7 40. Ne5 Rxd4 41. Nxc4 1-0

[Site "Europe Echecs"]

[Event "Championnat d'Europe Rapide"]
[Date "2024.12.07"]
[White "Mihov, Filip"]
[Black "Quparadze, Giga"]
[WhiteElo "2245"]
[BlackElo "2537"]
[Round "2.21"]
[Result "0-1"]
[TimeControl "900+10"]

1. d4 Nf6 2.
c4 e6 3. g3 Bb4+ 4. Bd2 a5 5. Bg2 d5 6. Nf3 O-O 7. Qc2 Be7 8. O-O c6 9. Rd1 Nbd7 10. Bf4 a4 11. Nc3 dxc4 12. Nxa4 Nd5 13. Bd2 b5 14. Nc3 Qb6 15. a3 Bb7 16. e4 Nxc3 17. Bxc3 c5 18. d5 exd5 19.
exd5 Bf6 20. a4 Qa6 21. Bxf6 Nxf6 22. Ne5 bxa4 23. Nxc4 Rfd8 24. Ne3 Qb5 25. Ra3 Qb4 26. Rda1 h5 27. h4 g6 28. Rxa4 Rxa4 29.
Rxa4 Qe1+ 30. Kh2 Nxd5 31. Nxd5 Bxd5 32. Bxd5 Rxd5 33. Re4 Rd2 34. Re8+ Kh7 35. Rxe1 Rxc2 36. Kg2 Rxb2 37. Rc1 Rb5 38. Kf3 Kg7 39. Ke4 Kf6 40. f3 Ke6 41. Rc3 Rb4+ 42. Ke3 Kd5 43. Ra3 Rb7 44. Kd3 Rb3+ 45. Rxb3 c4+ 46. Kc3 cxb3 0-1

[Site "Europe Echecs"]

[Event "Championnat d'Europe Rapide"]
[Date "2024.12.07"]
[White "Uruci, Besim"]
[Black "Laurusas, Tomas"]
[WhiteElo "2095"]
[BlackElo "2578"]
[Round "2.22"]
[Result "0-1"]
[TimeControl "900+10"]

1. Nf3 d5 2.
d4 Nf6 3.
Bf4 c5 4. e3 Nc6 5. Nbd2 e6 6. c3 Be7 7. Bd3 Nh5 8. Bg3 Nxg3 9. hxg3 h6 10. Qe2 Qb6 11. b3 cxd4 12.
cxd4 Bd7 13.
O-O O-O 14.
a3 a5 15.
Rfc1 Rac8 16. g4 Rc7 17. g3 Rfc8 18. Rc2 Be8 19. Kg2 Na7 20. Rxc7 Rxc7 21. Ne5 Nc6 22. Nef3 Rc8 23. Rh1 Qd8 24. a4 Nb4 25. Bb1 Rc3 26. Ne5 b5 27. axb5 Qb6 28. f4 Qxb5 29. Qf3 Nc2 30. g5 Rxe3 31. Bxc2 Rxf3 32. Kxf3 Qb4 33. Nf1 Qc3+ 34. Ne3 f6 35. Rc1 Qb2 36. Nd3 Qxd4 37. gxh6 gxh6 38. Bb1 Bb5 39. Nf2 Bc5 40. Nfg4 f5 41. Nxh6+ Kf8 42. Nhxf5 exf5 43. Nxf5 Qf2+ 44. Kg4 Bd7 45. Rh1 Qe2+ 46. Kg5 Be7+ 47. Nxe7 Qxe7+ 48. Kh5 Qg7 49. Rh4 Be8+ 0-1

[Site "Europe Echecs"]

[Event "Championnat d'Europe Rapide"]
[Date "2024.12.07"]
[White "Bernadskiy, Vitaliy"]
[Black "Rodriguez Fontecha, Marcos"]
[WhiteElo "2546"]
[BlackElo "2278"]
[Round "2.23"]
[Result "1-0"]
[TimeControl "900+10"]

1. d4 d5 2.
Nf3 Nf6 3. Bf4 c5 4. e3 Qb6 5. Nc3 e6 6. Nb5 Na6 7. a4 Ne4 8. Bd3 Nd6 9. Nxd6+ Bxd6 10. Bb5+ Bd7 11.
Bxd7+ Kxd7 12. Bxd6 Qxd6 13. Ne5+ Ke7 14. Qh5 g6 15. Qh6 Rag8 16. O-O f6 17. Ng4 Nc7 18. Rfe1 cxd4 19. exd4 Ne8 20. Ra3 g5 21. Rae3 Rg6 22. Rxe6+ Qxe6 23. Rxe6+ Kxe6 24. Qh3 Kd6 25. Qg3+ Kc6 26. Qb8 Rhg8 27. Qxa7 Nc7 28. a5 Ra8 29. Qb6+ Kd7 30. Nxf6+ Kc8 31. Qd6 1-0

[Site "Europe Echecs"]

[Event "Championnat d'Europe Rapide"]
[Date "2024.12.07"]
[White "Tweedie, Steven"]
[Black "Mastrovasilis, Dimitrios"]
[WhiteElo "2172"]
[BlackElo "2537"]
[Round "2.24"]
[Result "1-0"]
[TimeControl "900+10"]

1. e4 c5 2.
Nc3 a6 3. g3 b5 4. Bg2 Bb7 5. d3 e6 6. Nf3 d6 7. O-O Nf6 8. a3 Be7 9. h3 O-O 10. Re1 Nbd7 11. Nh2 Qc7 12. f4 Rac8 13. Nf3 b4 14. Ne2 bxa3 15.
bxa3 c4 16.
Be3 Ba8 17.
g4 Nc5 18.
Ng3 Rfe8 19.
g5 Nfd7 20.
Nd4 Bf8 21.
Nde2 e5 22.
f5 Nb6 23.
Nc1 d5 24.
Qg4 g6 25.
h4 Red8 26.
h5 Qd7 27.
hxg6 hxg6 28. Qh4 cxd3 29. cxd3 Nca4 30. Kf2 Rc2+ 31. Nce2 d4 32. Bc1 Nc5 33. Rh1 Bg7 34. f6 Nxd3+ 35. Kf1 1-0

[Site "Europe Echecs"]

[Event "Championnat d'Europe Rapide"]
[Date "2024.12.07"]
[White "Fridman, Daniel"]
[Black "Wyss, Jonas"]
[WhiteElo "2571"]
[BlackElo "2270"]
[Round "2.25"]
[Result "1-0"]
[TimeControl "900+10"]

1. d4 Nf6 2.
Nf3 g6 3. g3 Bg7 4. Bg2 O-O 5. c4 c6 6. Nc3 d5 7. cxd5 cxd5 8. Ne5 Nfd7 9. Nxd7 Qxd7 10.
Nxd5 e6 11.
Nc3 Qxd4 12.
Qxd4 Bxd4 13. Nb5 Be5 14. Bh6 Rd8 15. Bg5 Rd7 16. Bf4 Bxf4 17. gxf4 Nc6 18. Rc1 a6 19. Bxc6 bxc6 20. Nc3 Rb8 21. b3 Rb4 22. e3 c5 23. O-O c4 24. Ne4 Kg7 25. Nc5 Rc7 26. a3 Rb5 27. b4 Rbxc5 28. bxc5 Rxc5 29. Rc3 a5 30. Rb1 g5 31. fxg5 Rxg5+ 32. Kf1 Rc5 33. e4 e5 34. Rb6 Be6 35. Ke2 Kf6 36. a4 Ke7 37. Rb5 Kd6 38. Ra3 Kc6 39. Rb2 Kc7 40. Kd2 Bd7 41. Kc3 Rc6 42. f3 Be6 43. Rb5 f6 44. Rxa5 Rd6 45. Ra7+ Kb6 46. Rxh7 Rd3+ 47. Kb4 Rd2 48. a5+ Kc6 49. a6 Rb2+ 50. Kc3 Rf2 51. a7 Kc5 52. a8=Q Rxf3+ 53. Kd2 1-0

[Site "Europe Echecs"]

[Event "Championnat d'Europe Rapide"]
[Date "2024.12.07"]
[White "Zygouris, Hristos"]
[Black "Smeets, Jan"]
[WhiteElo "2163"]
[BlackElo "2552"]
[Round "2.26"]
[Result "0-1"]
[TimeControl "900+10"]

1. Nf3 d5 2.
g3 Nf6 3.
Bg2 b5 4. a4 b4 5. O-O e6 6. d4 Be7 7. c4 bxc3 8. Nxc3 a5 9. Ne5 O-O 10. Bg5 Nfd7 11. Bxe7 Qxe7 12. Nf3 Na6 13. Rc1 Nb4 14. Qd2 Ba6 15. Rfd1 Rab8 16. Bf1 Qf6 17. Qf4 Rb7 18. Qxf6 gxf6 19. Nb5 c6 20. Nc3 Rfb8 21. Ne1 Kf8 22. e3 Ke7 23. Bxa6 Nxa6 24. Nd3 Nb4 25. Ne1 Nb6 26. Rd2 Nc4 27. Re2 Na6 28. Nd3 Nxb2 29. Nxb2 Rxb2 30. Rcc2 Rxc2 31.
Rxc2 Kd6 32.
Kg2 Rb3 33. Kf3 Nb4 0-1

[Site "Europe Echecs"]

[Event "Championnat d'Europe Rapide"]
[Date "2024.12.07"]
[White "Grigoriants, Sergey"]
[Black "Ciric, Pavle"]
[WhiteElo "2542"]
[BlackElo "2346"]
[Round "2.27"]
[Result "1-0"]
[TimeControl "900+10"]

1. e4 e6 2.
d4 d5 3. Nc3 Nf6 4. e5 Nfd7 5. f4 c5 6. Nf3 Nc6 7. Be3 Rb8 8. Qd2 Qa5 9. Be2 b5 10. O-O b4 11. Nd1 Be7 12. Nf2 Ba6 13. dxc5 Bxe2 14.
Qxe2 Bxc5 15. Kh1 Qb6 16. Bd2 Bxf2 17. Rxf2 Nc5 18. Be3 Qb5 19. Bxc5 Qxc5 20. Raf1 Ne7 21. Qd3 Qb5 22. Nd4 Qxd3 23. cxd3 g6 24. Rc2 Kd7 25. Rfc1 Rhc8 26. Kg1 Rxc2 27. Rxc2 Rb6 28. Kf2 Nc6 29. Nb3 Kd8 30. Ke3 Ne7 31. Nd4 Kd7 32. Rc5 Nc6 33. g4 Nxd4 34. Kxd4 Ra6 35. Rb5 Kc6 36. Rxb4 Rxa2 37. Rb8 a5 38. Kc3 Ra4 39. d4 Rc4+ 40. Kd3 Rb4 41.
Rxb4 axb4 42. Ke3 Kd7 43. Kf3 Ke7 44. Kg3 f6 45. exf6+ Kxf6 46. Kh4 h6 47. Kg3 g5 48. h4 gxh4+ 49. Kxh4 Kg6 50. b3 Kf6 51. Kh5 Kg7 52. g5 hxg5 53. Kxg5 Kf7 54. f5 Ke7 55. fxe6 Kxe6 56. Kg6 1-0

[Site "Europe Echecs"]

[Event "Championnat d'Europe Rapide"]
[Date "2024.12.07"]
[White "Saric, Ante"]
[Black "Biljanic, Ljubomir"]
[WhiteElo "2482"]
[BlackElo "2130"]
[Round "2.28"]
[Result "1-0"]
[TimeControl "900+10"]

1. Nf3 d6 2.
d4 e6 3. c4 Nf6 4. Nc3 Be7 5. e4 O-O 6. Be2 c5 7. d5 e5 8. O-O Nbd7 9. Ne1 Re8 10. Nd3 Nf8 11. Rb1 Ng6 12. b4 cxb4 13.
Rxb4 Nd7 14.
Bg4 b6 15.
g3 Bg5 16.
Bxg5 Qxg5 17. Nb5 Qe7 18. f3 Nc5 19. Nxc5 bxc5 20. Rb2 Rb8 21. Rff2 a6 22. Nc3 Rb4 23. Qd3 Bxg4 24. fxg4 Reb8 25. Rbc2 Qg5 26. Qe2 h5 27. gxh5 Nf4 28. Qf1 Qg4 29. Kh1 Nxh5 30. Qe2 Qh3 31. Kg1 g6 32. Qf3 R8b7 33. Nd1 Rb1 34. Rf1 a5 35. Rcf2 a4 36. Nc3 Rxf1+ 37. Rxf1 f6 38. Nb5 Rd7 39. Rf2 Rd8 40. Qd1 f5 41. exf5 gxf5 42. Qc2 e4 43. Qd2 Rd7 44. Qg5+ Rg7 45. Qxf5 Qxf5 46. Rxf5 e3 47. Rxh5 Rf7 48. Nc3 Rf2 49. Rh4 Rc2 50. Rg4+ Kh7 51. Ne4 Rc1+ 52. Kg2 e2 53. Ng5+ Kh6 54. Nf7+ Kh5 55. Rg5# 1-0

[Site "Europe Echecs"]

[Event "Championnat d'Europe Rapide"]
[Date "2024.12.07"]
[White "Pantsulaia, Levan"]
[Black "Triadu Cassa, Jordi"]
[WhiteElo "2522"]
[BlackElo "2108"]
[Round "2.29"]
[Result "1-0"]
[TimeControl "900+10"]

1. Nf3 d5 2.
c4 c6 3. g3 Nf6 4. Bg2 a6 5. O-O g6 6. b3 Bg7 7. Bb2 O-O 8. d3 Nbd7 9. Nbd2 b5 10. Rc1 Bb7 11. Rc2 Rc8 12. Qa1 c5 13. cxd5 Bxd5 14. Rfc1 Bb7 15. Bh3 e6 16. Ne5 Bh6 17. Nxd7 Nxd7 18. e3 f5 19. a3 Qe7 20. Bg2 Bxg2 21. Kxg2 e5 22. b4 f4 23. Qa2+ Rf7 24. exf4 exf4 25. Nf3 fxg3 26. Re1 Qd6 27.
hxg3 Qc6 28.
Re4 c4 29.
Nd4 Qd5 30.
f3 Ne5 31.
dxc4 Nxc4 32. Qb3 Rcf8 33. Rce2 Bg7 34. Ba1 Bxd4 35. Rxd4 Qxf3+ 36. Qxf3 Rxf3 37.
Rd7 R3f7 38.
Rd5 h5 39.
Bd4 Rf5 40.
Rxf5 Rxf5 41. Re6 Rd5 42. Bc5 Kf7 43. Rxa6 Rd3 44. a4 bxa4 45. Rxa4 Ne3+ 46. Kf3 Nf5+ 47. Ke4 Rxg3 48. Ke5 h4 49. Ra7+ Kg8 50. b5 h3 51. Ra2 Rg2 52. Rxg2 hxg2 53. Ke6 Ng3 54. b6 Ne4 55. Be3 Ng5+ 56. Ke7 1-0

[Site "Europe Echecs"]

[Event "Championnat d'Europe Rapide"]
[Date "2024.12.07"]
[White "Kadric, Denis"]
[Black "Promyshlyanskiy, Vitaliy"]
[WhiteElo "2544"]
[BlackElo "2279"]
[Round "2.30"]
[Result "1-0"]
[TimeControl "900+10"]

1. e4 e5 2.
Nf3 Nc6 3. Bc4 Nf6 4. d3 Be7 5. O-O O-O 6. Nc3 d6 7. a4 Bg4 8. h3 Bh5 9. Be3 Qd7 10. Nd5 Kh8 11. c3 Bxf3 12. Qxf3 Ng8 13. g4 Nd8 14. Qg3 Ne6 15. f4 c6 16. Nxe7 Nxf4 17. Bxf4 exf4 18. Rxf4 Qxe7 19. Raf1 f6 20. d4 Rfe8 21. h4 Rad8 22. Kh2 Qc7 23. Bd3 Re7 24. g5 Rde8 25. R4f3 Qd8 26. R1f2 a6 27. Rg2 Qc7 28. Bc2 c5 29. Rd2 c4 30. Rg2 Qd7 31. Rf5 Re6 32. Rf3 R6e7 33. Qf4 Re6 34. Qf5 Ne7 35. Qg4 Ng8 36. Qh5 g6 37. Qg4 f5 38. exf5 Re2 39. Rff2 Rxf2 40. Rxf2 gxf5 41. Qxf5 Qxf5 42.
Bxf5 Rf8 43.
Kg3 Ne7 44.
Be4 Rxf2 45.
Kxf2 d5 46. Bc2 Kg7 47. Kg3 Nc6 48. Kf4 b5 49. Bd1 Kf7 50. h5 b4 51. Bf3 Ke6 52. Bg4+ Kf7 53. Bf5 a5 54. Bxh7 Ke6 55. h6 Ne7 56. g6 Nf5 57. g7 Nxh6 58. Kg5 Nf7+ 59. Kh5 1-0

[Site "Europe Echecs"]

[Event "Championnat d'Europe Rapide"]
[Date "2024.12.07"]
[White "Suljovic, Sulejman"]
[Black "Cvitan, Ognjen"]
[WhiteElo "2182"]
[BlackElo "2413"]
[Round "2.31"]
[Result "1/2-1/2"]
[TimeControl "900+10"]

1. e4 c5 2.
Nc3 d6 3. g3 Nc6 4. Bg2 g6 5. d3 Bg7 6. Be3 Nf6 7. h3 O-O 8. f4 Rb8 9. Qd2 Nd4 10. Nd1 e5 11. c3 Nc6 12. Ne2 exf4 13. Bxf4 Nh5 14. Bh6 Bxh6 15. Qxh6 Ne5 16. Nf2 c4 17. d4 Nd3+ 18. Nxd3 cxd3 19. Nf4 Nxg3 20. Rg1 Ne2 21. Nxe2 dxe2 22. Kxe2 1/2-1/2

[Site "Europe Echecs"]

[Event "Championnat d'Europe Rapide"]
[Date "2024.12.07"]
[White "Kesidis, Odyseas"]
[Black "Kozul, Zdenko"]
[WhiteElo "2241"]
[BlackElo "2519"]
[Round "2.32"]
[Result "0-1"]
[TimeControl "900+10"]

1. e4 c5 2. Nf3 d6 3. Bb5+ Bd7 4. Bxd7+ Nxd7 5. c4 Ngf6 6. Nc3 Ne5 7. d3 e6 8. O-O Be7 9. Ne1 Nc6 10. f4 a6 11. Nc2 O-O 12. Be3 d5 13. Bf2 d4 14. Ne2 Ng4 15. Ng3 Nxf2 16. Rxf2 f5 17. exf5 exf5 18. Qf3 g6 19. Re2 Bd6 20. Qd5+ Kg7 21. Re6 Bxf4 22.
Qxc5 Re8 23.
Rxe8 Qxe8 24. Re1 Qd7 25. b4 Rc8 26. Qd5 Qxd5 27. cxd5 Ne5 28. Nxd4 Nxd3 29. Rd1 Be3+ 30. Kf1 Nf2 31. Ne6+ Kf6 32. Re1 Bb6 33. Nc5 Bxc5 34. Re6+ Kf7 35. bxc5 Nd3 36.
Rb6 Nxc5 37. Ne2 Rc7 38. Nf4 Nd7 39. Rd6 Nf6 40. Rb6 Re7 41. h3 h6 42. h4 Rd7 43. Kf2 g5 44. hxg5 hxg5 45. Ne6 Ne4+ 46. Ke3 Rxd5 47. Nd4 Nd6 48. a4 Nc4+ 0-1

[Site "Europe Echecs"]